 Dungeon Crawl Stone Soup version 0.28-a0-691-gad6df49e81 (webtiles) character file.

Game seed: 9654750447947011

336 chris0x the Conjurer (level 6, -13/44 HPs)
             Began as a Gnoll Conjurer on Oct 20, 2021.
             Was a Priest of Sif Muna.
             Mangled by a gnoll (17 damage)
             ... on level 3 of the Dungeon.
             The game lasted 00:12:59 (3302 turns).

chris0x the Conjurer (Gnoll Conjurer)               Turns: 3302, Time: 00:12:59

Health: -13/44     AC:  2    Str:  7    XL:     6   Next: 54%
Magic:  0/14       EV: 13    Int: 19    God:    Sif Muna [***...]
Gold:   202        SH:  0    Dex: 10    Spells: 2/15 levels left

rFire   . . .      SeeInvis .   h - +0 whip
rCold   . . .      Faith    .   (no shield)
rNeg    . . .      Spirit   .   a - +0 robe
rPois   .          Reflect  .   (no helmet)
rElec   .          Harm     .   (no cloak)
rCorr   .          Rampage  .   (no gloves)
Will    .....                   (no boots)
Stlth   ++........              (no amulet)
HPRegen 0.14/turn               (no ring)
MPRegen 0.14/turn               (no ring)

@: studying Short Blades
A: fangs 1, strong nose, distributed training
a: Renounce Religion, Channel Magic, Forget Spell


You were on level 3 of the Dungeon.
You worshipped Sif Muna.
Sif Muna was most pleased with you.
You visited 1 branch of the dungeon, and saw 3 of its levels.

You collected 202 gold pieces.

Inventory:

Hand Weapons
 h - a +0 whip (weapon)
Missiles
 d - 117 stones
 e - 28 arrows
 j - 11 boomerangs
 o - 21 bolts
Armour
 a - a +0 robe (worn)
 i - a +0 ring mail
Jewellery
 f - a ring of fire
Wands
 p - a wand of digging (5)
Scrolls
 m - 3 scrolls of identify
 n - 2 scrolls of teleportation
Potions
 b - 2 potions of brilliance
 c - 2 potions of ambrosia {unknown}
 g - 2 potions of berserk rage {unknown}
 k - a potion of flight {unknown}
 l - a potion of lignification {unknown}


   Skills:
 + Level 2.0 Fighting
 + Level 2.9 Short Blades
 + Level 2.0 Long Blades
 + Level 2.0 Axes
 + Level 2.0 Maces & Flails
 + Level 2.0 Polearms
 + Level 2.0 Staves
 + Level 2.0 Slings
 + Level 2.0 Bows
 + Level 2.0 Crossbows
 + Level 2.0 Throwing
 + Level 2.0 Armour
 + Level 5.0 Dodging
 + Level 4.6 Stealth
 + Level 2.0 Shields
 + Level 2.0 Unarmed Combat
 + Level 5.4 Spellcasting
 + Level 7.3 Conjurations
 + Level 1.6 Hexes
 + Level 1.6 Summonings
 + Level 1.6 Necromancy
 + Level 1.6 Translocations
 + Level 1.6 Transmutations
 + Level 1.6 Fire Magic
 + Level 1.6 Ice Magic
 + Level 1.6 Air Magic
 + Level 1.6 Earth Magic
 + Level 1.6 Poison Magic
 + Level 2.2 Invocations
 + Level 2.0 Evocations


You had 2 spell levels left.
You knew the following spells:

 Your Spells              Type           Power      Damage    Failure   Level
a - Magic Dart            Conj           100%       1d8       1%          1
b - Searing Ray           Conj           64%        2d6       1%          2
c - Dazzling Flash        Conj/Hex       44%        N/A       6%          3
d - Iskenderun's Mystic   Conj/Tloc      22%        2d6       19%         4
e - Call Canine Familiar  Summ           11%        N/A       19%         3

Your spell library contained the following spells:

 Spells                   Type           Power      Damage    Failure   Level
 Sting                    Tmut/Pois      44%        1d5       6%          1
 Blink                    Tloc           N/A        N/A       10%         2
 Poisonous Vapours        Pois/Air       22%        N/A       10%         2
 Gell's Gravitas          Tloc           5%         N/A       19%         3
 Lesser Beckoning         Tloc           11%        N/A       19%         3
 Portal Projectile        Hex/Tloc       22%        N/A       19%         3
 Teleport Other           Tloc           11%        N/A       19%         3
 Fulminant Prism          Conj/Hex       11%        3d9       19%         4
 Leda's Liquefaction      Hex/Erth       5%         N/A       52%         4
 Olgreb's Toxic Radiance  Pois           11%        N/A       52%         4
 Manifold Assault         Tloc           11%        N/A       86%         5


Dungeon Overview and Level Annotations

Branches:
Dungeon (3/15)

Altars:
Dithmenos
Gozag
Sif Muna
The Shining One

Shops:
D:1 [   D:2 =

Annotations:
D:3 1 transporter, McGhostyFace's ghost, amateur GnCA


Innate Abilities, Weirdness & Mutations

You have very sharp teeth.
Your uncanny sense of smell can sniff out nearby items.
Your experience applies equally to all skills.


Message History

McGhostyFace's ghost is moderately damaged.
Your hound bites McGhostyFace's ghost but does no damage.
McGhostyFace's ghost misses you.
Your hound closely misses McGhostyFace's ghost.
Casting: Magic Dart (safe; 1% risk of failure)
Confirm with . or Enter, or press ? or * to list all spells.
Aiming: Magic Dart (safe; 1% risk of failure)
Press: ? - help, Shift-Dir - straight line, f/p - McGhostyFace's ghost
Aim: McGhostyFace's ghost, wielding a weapon of flaming (moderately damaged, ally target, 100% to hit)
The magic dart hits McGhostyFace's ghost.
McGhostyFace's ghost is moderately damaged.
Your hound bites McGhostyFace's ghost.
McGhostyFace's ghost hits you! McGhostyFace's ghost burns you.
Unknown command.
Casting: Magic Dart (safe; 1% risk of failure)
Confirm with . or Enter, or press ? or * to list all spells.
Aiming: Magic Dart (safe; 1% risk of failure)
Press: ? - help, Shift-Dir - straight line, f/p - McGhostyFace's ghost
Aim: McGhostyFace's ghost, wielding a weapon of flaming (heavily damaged, ally target, 100% to hit)
The magic dart hits McGhostyFace's ghost.
McGhostyFace's ghost is heavily damaged.
Your hound barely misses McGhostyFace's ghost.
McGhostyFace's ghost hits you.
* * * LOW HITPOINT WARNING * * *
McGhostyFace's ghost burns you.
* * * LOW HITPOINT WARNING * * *
Your hound bites McGhostyFace's ghost but does no damage.
Unknown command.
Casting: Magic Dart (safe; 1% risk of failure)
Confirm with . or Enter, or press ? or * to list all spells.
Aiming: Magic Dart (safe; 1% risk of failure)
Press: ? - help, Shift-Dir - straight line, f/p - McGhostyFace's ghost
Aim: McGhostyFace's ghost, wielding a weapon of flaming (heavily damaged, ally target, 100% to hit)
The magic dart hits McGhostyFace's ghost but does no damage.
McGhostyFace's ghost is heavily damaged.
Your hound bites McGhostyFace's ghost.
The gnoll hits you from afar with a +1 halberd of electrocution!
* * * LOW HITPOINT WARNING * * *
You are electrocuted!
You die...

#.#.#.#.≈≈##.###.###g##≈≈..#
.#.#.#..≈≈#...........#≈≈..#
#.#.#...≈≈###.##'##.###≈≈..#
.#.#.#..≈≈..#.#...#.#..≈≈..#
#.#.#.#.≈≈.##.'...'.##)≈≈..#
.#.#.#..≈≈.#..#.).#..#.≈≈..#
#.#.#.#.≈≈.##.##)##.##.≈≈..#
.#.#.#......#.#hW.#.#..≈≈..#
#.#.#......©#.'g@.g.#©.≈≈..#
.#.#.#......#.#8⌠8#.#..≈≈.##
#.#.#...≈≈.##.#####.##.≈≈.#
.#.#.#..≈≈.#©.#$:=#gg#.≈≈.#
#.#.#'..≈≈.##.#...#.##.≈≈.#
.#.#.#..≈≈..#.#$$$#g#..≈≈.#
#.#.#+..≈≈###.##'##.###≈≈.#
.#.#.#..≈≈#...........#≈≈.#
#'#.#.#.≈≈##.###.###.##≈≈.#


You could see McGhostyFace's ghost (ally target), 2 gnolls and a friendly hound
(summoned).

Vanquished Creatures
  A howler monkey (D:3)
  Natasha (thrice) (D:2)
  2 orc wizards (D:3)
  6 adders (D:2)
  3 gnolls (D:3)
  2 worms (D:3)
  A dart slug (D:3)
  5 orcs (D:3)
  7 ball pythons
  9 bats
  6 endoplasms
  7 giant cockroaches
  3 goblins
  6 hobgoblins
  2 jackals (D:1)
  4 quokkas
  3 frilled lizards
  10 kobolds
  8 rats
88 creatures vanquished.

Vanquished Creatures (others)
  6 plants (D:3)
6 creatures vanquished.

Grand Total: 94 creatures vanquished

Notes
Turn   | Place    | Note
-------+----------+-------------------------------------------
     0 | D:1      | chris0x the Gnoll Conjurer began the quest for the Orb.
     0 | D:1      | Reached XP level 1. HP: 13/13 MP: 6/6
   168 | D:1      | Reached XP level 2. HP: 19/19 MP: 5/7
   695 | D:1      | Learned a level 2 spell: Searing Ray
   765 | D:1      | Reached XP level 3. HP: 25/25 MP: 6/9
   817 | D:1      | Reached skill level 5 in Spellcasting
   824 | D:1      | Found a faded altar of an unknown god.
   844 | D:1      | Prayed at the altar of an unknown god.
   844 | D:1      | Became a worshipper of Sif Muna the Loreminder
   844 | D:1      | Reached * piety under Sif Muna
   859 | D:1      | Reached skill level 1 in Short Blades
   931 | D:1      | Learned a level 3 spell: Dazzling Flash
   958 | D:1      | Found Zynuw's Armour Boutique.
   963 | D:1      | Reached skill level 1 in Invocations
  1301 | D:2      | Found an opulent altar of Gozag.
  1332 | D:2      | Noticed Natasha
  1336 | D:2      | Killed Natasha
  1337 | D:2      | Reached skill level 1 in Fighting
  1337 | D:2      | Reached skill level 1 in Long Blades
  1337 | D:2      | Reached skill level 1 in Axes
  1337 | D:2      | Reached skill level 1 in Maces & Flails
  1337 | D:2      | Reached skill level 1 in Polearms
  1337 | D:2      | Reached skill level 1 in Staves
  1337 | D:2      | Reached skill level 1 in Slings
  1337 | D:2      | Reached skill level 1 in Bows
  1337 | D:2      | Reached skill level 1 in Crossbows
  1337 | D:2      | Reached skill level 1 in Throwing
  1337 | D:2      | Reached skill level 1 in Armour
  1337 | D:2      | Reached skill level 1 in Shields
  1337 | D:2      | Reached skill level 1 in Unarmed Combat
  1337 | D:2      | Reached skill level 1 in Evocations
  1337 | D:2      | Reached XP level 4. HP: 22/32 MP: 6/11
  1570 | D:2      | Found Caecvoeb's Jewellery Shop.
  1578 | D:2      | Reached skill level 1 in Hexes
  1578 | D:2      | Reached skill level 1 in Summonings
  1578 | D:2      | Reached skill level 1 in Necromancy
  1578 | D:2      | Reached skill level 1 in Translocations
  1578 | D:2      | Reached skill level 1 in Transmutations
  1578 | D:2      | Reached skill level 1 in Fire Magic
  1578 | D:2      | Reached skill level 1 in Ice Magic
  1578 | D:2      | Reached skill level 1 in Air Magic
  1578 | D:2      | Reached skill level 1 in Earth Magic
  1578 | D:2      | Reached skill level 1 in Poison Magic
  1651 | D:2      | Noticed Natasha
  1654 | D:2      | Killed Natasha
  1654 | D:2      | Reached ** piety under Sif Muna
  1655 | D:2      | Reached XP level 5. HP: 37/37 MP: 8/12
  1753 | D:2      | Noticed Natasha
  1756 | D:2      | Killed Natasha
  2251 | D:3      | Reached XP level 6. HP: 44/44 MP: 6/13
  2517 | D:3      | Reached skill level 5 in Dodging
  2550 | D:3      | Learned a level 4 spell: Iskenderun's Mystic Blast
  2554 | D:3      | Learned a level 3 spell: Call Canine Familiar
  2568 | D:3      | Found a shadowy altar of Dithmenos.
  2675 | D:3      | Found a transporter.
  2684 | D:3      | Found a transporter.
  2684 | D:3      | Noticed McGhostyFace's ghost (amateur GnCA)
  2849 | D:3      | Found a glowing golden altar of the Shining One.
  3295 | D:3      | Reached *** piety under Sif Muna
  3302 | D:3      | Mangled by a gnoll

Illustrated notes

Levels and vault maps discovered:
D:1:      lemuel_arrival_muddy, layout_basic, hellmonk_ecumenical_altar_run_dry,
          serial_shops, shop_coins, minmay_pentomino_t2
D:2:      layout_basic, serial_shops, shop, basic_altar, wad_floor_pattern_1,
          st_stairs_7, minmay_surrounded, uniq_natasha
D:3:      layout_basic, tso_altar, grunt_dithmenos_smoke_and_mirrors,
          gammafunk_ghost_gnarly_gnolls

Skill      XL: |  1  2  3  4  5  6 |
---------------+-------------------+-----
Spellcasting   | 5 |  5.4
Short Blades   | 1 2 |  2.9
Invocations    | 1 2 |  2.2
Fighting       | 1 2 |  2.0
Long Blades    | 1 2 |  2.0
Axes           | 1 2 |  2.0
Maces & Flails | 1 2 |  2.0
Polearms       | 1 2 |  2.0
Staves         | 1 2 |  2.0
Slings         | 1 2 |  2.0
Bows           | 1 2 |  2.0
Crossbows      | 1 2 |  2.0
Throwing       | 1 2 |  2.0
Armour         | 1 2 |  2.0
Shields        | 1 2 |  2.0
Unarmed Combat | 1 2 |  2.0
Evocations     | 1 2 |  2.0
Hexes          | 1 |  1.6
Summonings     | 1 |  1.6
Necromancy     | 1 |  1.6
Translocations | 1 |  1.6
Transmutations | 1 |  1.6
Fire Magic     | 1 |  1.6
Ice Magic      | 1 |  1.6
Air Magic      | 1 |  1.6
Earth Magic    | 1 |  1.6
Poison Magic   | 1 |  1.6
Dodging        | 5 |  5.0
Stealth        | |  4.6
Conjurations   | |  7.3

Action                   |  1- 3 |  4- 6 || total
-------------------------+-------+-------++-------
Melee: Club              |     1 |       ||     1
       Whip              |     2 |     6 ||     8
       Bite              |     1 |       ||     1
 Cast: Magic Dart        |    69 |   112 ||   181
       Call Canine Famil |       |     1 ||     1
       Searing Ray       |       |     1 ||     1
  Use: Scroll            |     2 |     2 ||     4
Armor: Robe              |     1 |     1 ||     2
Dodge: Dodged            |     7 |     9 ||    16

Table legend: (Time is in decaauts)
 A = Elapsed time spent in this place.
 B = Non-inter-level travel time spent in this place.
 C = Inter-level travel time spent in this place.
 D = Time resting spent in this place.
 E = Time spent auto-exploring this place.
 F = Levels seen in this place.
 G = Mean time per level.
                   A        B        C        D        E       F      G
               +--------+--------+--------+--------+--------+-----+--------+
         Total |   3305 |   3123 |    182 |    731 |   1799 |   3 | 1101.7 |
       Dungeon |   3305 |   3123 |    182 |    731 |   1799 |   3 | 1101.7 |
               +--------+--------+--------+--------+--------+-----+--------+

Top non-repeatable levels by time:
     D:1: 1302 daAuts
     D:3: 1095 daAuts
     D:2: 907 daAuts
